AoeStats
← Nicky

Nomad

504848678Analyzed
3v3 RM · 26d ago on Sep 6, 2026· 50m 40s· 6 players
Game mode
Random Map
Map size
210×210
Population
200
Speed
Normal
Resources
Standard
Victory
Conquest
Starting age
Dark Age
Ending age
Imperial Age
RankedLock teamsTeams togetherTeam positionsShared explorationLock speedFull tech treeHidden civsTurbo modeCheats
Victory
Defeat
🇺🇸 Franks · United States
842
+11
🇺🇸 Ethiopians · United States
810
+13
🇺🇸 Byzantines · United States
806
+13
🇺🇸 Khmer · United States
879
-18
🇺🇸 Persians · United States
714
-11
🇺🇸 Bohemians · United States
626
-8
xDATASURFERx
12:31 Loom
15:07 Feudal Age
17:27 Scale Barding Armor
19:28 Forging
20:47 Bloodlines
27:12 Castle Age
29:20 Husbandry
50:24 Pikeman
Bitsnpieces4257
3:42 Loom
14:14 Feudal Age
21:07 Wheelbarrow
25:41 Castle Age
26:57 Hand Cart
26:46 Town Watch
29:48 Scale Mail Armor
29:54 Scale Barding Armor
35:48 Horse Collar
42:57 Imperial Age
41:24 Elite Skirmisher
43:22 Murder Holes
44:03 Conscription
45:07 Citadels
45:50 Light Cavalry
46:40 Bloodlines
NewtKnight7299
7:33 Loom
16:06 Feudal Age
19:47 Fishing Lines
23:38 Man-at-Arms
29:56 Wheelbarrow
35:51 Castle Age
37:43 Double-Bit Axe
bray
8:14 Loom
15:52 Feudal Age
16:21 Fishing Lines
16:38 Double-Bit Axe
18:15 Man-at-Arms
19:33 Horse Collar
21:28 Scale Mail Armor
23:55 Scale Barding Armor
24:01 Forging
31:47 Castle Age
31:05 Gold Mining
31:05 Stone Mining
33:02 Wheelbarrow
33:33 Pikeman
43:06 Iron Casting
42:52 Chain Barding Armor
Nicky
14:47 Feudal Age
15:21 Double-Bit Axe
20:43 Loom
24:58 Gold Mining
25:02 Fishing Lines
33:04 Castle Age
32:52 Stone Mining
36:39 Scale Barding Armor
36:47 Forging
36:30 Fletching
36:44 Husbandry
44:27 Imperial Age
42:33 Chain Barding Armor
44:33 Wheelbarrow
43:43 Town Watch
45:53 Pikeman
BRY
9:09 Loom
15:54 Feudal Age
16:20 Double-Bit Axe
18:54 Horse Collar
23:49 Castle Age
23:51 Fletching
24:04 Padded Archer Armor
25:28 Wheelbarrow
25:18 Gold Mining
25:38 Crossbowman
27:53 Bodkin Arrow
28:14 Leather Archer Armor
30:31 Bow Saw
33:56 Ballistics
37:34 Imperial Age
39:45 Forging
39:40 Scale Barding Armor
39:38 Scale Mail Armor
41:50 Bracer
42:21 Ring Archer Armor
42:26 Iron Casting
41:57 Scale Barding Armor
42:56 Halberdier
43:37 Squires
43:58 Chain Mail Armor
44:13 Elite Shotel Warrior
46:14 Arbalester
47:02 Thumb Ring
48:14 Chemistry
Connection lost

Rejoining the realm…

Still unreachable

The connection could not be restored.

Session expired

The server has moved on; the page needs a fresh start.